 Dungeon Crawl Stone Soup version 0.30-a0-465-g8901f6c8b5 (webtiles) character file.

Game seed: 7018347087422140304

120 cforsyth the Cudgeller (level 4, 0/40 HPs)
             Began as an Armataur Gladiator on Dec 19, 2022.
             Slain by a gnoll
             ... wielding a +0 spear
              (3 damage)
             ... on level 2 of the Dungeon.
             The game lasted 00:02:08 (1570 turns).

cforsyth the Cudgeller (Armataur Gladiator)         Turns: 1570, Time: 00:02:08

Health: 0/40       AC:  6    Str: 20    XL:     4   Next: 75%
Magic:  4/4        EV: 13    Int: 10    God:
Gold:   150        SH:  0    Dex: 11    Spells: 3/3 levels left

rFire   . . .      SeeInvis .    a - +0 flail
rCold   . . .      Faith    .    (no shield)
rNeg    . . .      Spirit   .    b - +0 leather armour
rPois   .          Reflect  .    c - +0 helmet
rElec   .          Harm     .    (no cloak)
rCorr   .          Roll     +    (no gloves)
Will    .....                    (no barding)
Stlth   +.........               (no amulet)
HPRegen 0.26/turn                l - +4 ring of evasion
MPRegen 0.09/turn                (no ring)

@: no status effects
A: large, rugged brown scales 3, deformed body, armoured tail, roll, long
tongue, awkward tongue
a: no special abilities


You were on level 2 of the Dungeon.
You visited 1 branch of the dungeon, and saw 2 of its levels.

You collected 150 gold pieces.

Inventory:

Hand Weapons
 a - a +0 flail (weapon)
Missiles
 d - 3 throwing nets (quivered)
 e - a javelin
Armour
 b - a +0 leather armour (worn)
 c - a +0 helmet (worn)
Jewellery
 l - a +4 ring of evasion (left hand)
Scrolls
 f - 2 scrolls of identify {unknown}
 g - 2 scrolls of teleportation {unknown}
 h - a scroll of enchant weapon {unknown}
 j - a scroll of vulnerability {unknown}
 m - a scroll of fog {unknown}
Potions
 i - a potion of attraction {unknown}
 k - 2 potions of brilliance {unknown}


   Skills:
 + Level 3.0 Fighting
 + Level 3.6 Maces & Flails
 - Level 1.7 Throwing
 + Level 2.9 Armour
 - Level 2.1 Dodging


You had 3 spell levels left.
You didn't know any spells.
Your spell library was empty.

Dungeon Overview and Level Annotations

Branches:
Dungeon (2/15)

Altars:


Innate Abilities, Weirdness & Mutations

You are completely covered in rugged brown scales. (AC +3, +7% HP)
Armour fits poorly on your strangely shaped body.
You have a long armoured tail.
You roll when moving toward enemies. (Rampage)
Your long tongue fully drains potion bottles. (2x potion effects)
Your tongue gives you trouble enunciating. (1.5x scroll delay)


Message History

A gnoll comes into view. It is wielding a +0 whip.
You roll towards the gnoll!
The gnoll hits you but does no damage.
You barely miss the gnoll.
You tail-slap the gnoll, but do no damage.
The gnoll barely misses you. The gnoll hits you with a +0 spear.
You completely miss the gnoll. The gnoll hits you with a +0 whip.
The gnoll hits you with a +0 spear. The gnoll hits you with a +0 whip.
You are too injured to fight recklessly!
You are too injured to fight recklessly!
You are too injured to fight recklessly!
You are too injured to fight recklessly!
You are too injured to fight recklessly!
You are too injured to fight recklessly!
The gnoll attacks as you move away! The gnoll hits you with a +0 whip.
The gnoll misses you. The gnoll attacks as you move away!
The gnoll hits you with a +0 whip.
There is an open door here.
The gnoll attacks as you move away! The gnoll hits you but does no damage.
You hit the gnoll.
The gnoll is moderately wounded.
The gnoll hits you but does no damage. The gnoll hits you with a +0 whip.
You barely miss the gnoll.
The gnoll is moderately wounded.
The gnoll barely misses you.
You closely miss the gnoll.
The gnoll is moderately wounded.
The gnoll hits you with a +0 whip.
You hit the gnoll. You tail-slap the gnoll.
You kill the gnoll!
Your Fighting skill increases to level 3!
You barely miss the gnoll. The gnoll hits you with a +0 whip!
* * * LOW HITPOINT WARNING * * *
The gnoll barely misses you.
You hit the gnoll. You tail-slap the gnoll!
The gnoll is almost dead.
The gnoll hits you with a +0 whip.
* * * LOW HITPOINT WARNING * * *
The gnoll barely misses you. The gnoll hits you but does no damage.
The gnoll hits you from afar with a +0 spear.
You die...

..#####..#############.##########
..##....#<...# #.#.........
#.##.#######.#########.#.........
..##.# #...........#.........
#....###################......♣♣♣
.....†.................'.....♣♣
#................#######.....♣♣
#.#..###########†# #......♣
#.#.>......# #@# #......♣♣♣
#.########.# #g# #......... #.#
#. #g# #......... #.# ##.#####'##
#......... #.# #.........#
#......... #.# #.........#
##.####### #.# #.........#
#####'###### #.# #.........#
#..........# ..# #.........#
#..........#


You could see 2 gnolls.

Vanquished Creatures
  Natasha (twice) (D:2)
  A gnoll (D:2)
  5 dart slugs
  6 ball pythons
  4 endoplasms (D:1)
  A giant cockroach (D:1)
  4 goblins
  5 hobgoblins
  2 jackals (D:1)
  7 kobolds
  2 quokkas
  5 bats
  4 frilled lizards
  A rat (D:1)
49 creatures vanquished.

Notes
Turn   | Place    | Note
-------+----------+-------------------------------------------
     0 | D:1      | cforsyth the Armataur Gladiator began the quest for the
                  | Orb.
     0 | D:1      | Reached XP level 1. HP: 18/18 MP: 1/1
     2 | D:1      | Noticed a naga
     4 | D:1      | Noticed an ogre
     4 | D:1      | Noticed a demonspawn
     6 | D:1      | Noticed a meteoran
     6 | D:1      | Noticed a vampire
     8 | D:1      | Noticed a demigod
     8 | D:1      | Noticed a merfolk
    10 | D:1      | Noticed a felid
    10 | D:1      | Noticed a spriggan
    12 | D:1      | Noticed a formicid
    12 | D:1      | Noticed a troll
    14 | D:1      | Noticed a draconian
    14 | D:1      | Noticed an armataur
    16 | D:1      | Noticed a vine stalker
    18 | D:1      | Noticed a minotaur
    20 | D:1      | Noticed a tengu
    20 | D:1      | Noticed an elf
    22 | D:1      | Noticed a human
    22 | D:1      | Noticed an octopode
    24 | D:1      | Noticed a demigod
    24 | D:1      | Noticed a gargoyle
    26 | D:1      | Noticed a demonspawn
   227 | D:1      | Reached skill level 1 in Armour
   227 | D:1      | Reached XP level 2. HP: 19/19 MP: 2/2
   641 | D:1      | Reached XP level 3. HP: 28/28 MP: 3/3
  1128 | D:2      | Noticed Natasha
  1137 | D:2      | Killed Natasha
  1138 | D:2      | Reached XP level 4. HP: 26/39 MP: 4/4
  1288 | D:2      | Noticed Natasha
  1298 | D:2      | Killed Natasha
  1570 | D:2      | Slain by a gnoll

Illustrated notes

Levels and vault maps discovered:
D:1:      kb_arrival_jail, layout_loops_ring, minivault_27
D:2:      layout_basic, nrook_campfire, uniq_natasha

Skill      XL: |  1  2  3  4 |
---------------+-------------+-----
Fighting       | 2 3 |  3.0
Armour         | 1 2 |  2.9
Maces & Flails | 3 |  3.6
Throwing       | |  1.7
Dodging        | |  2.1

Action                   |  1- 3 |  4- 6 || total
-------------------------+-------+-------++-------
Melee: Flail             |   109 |    28 ||   137
       Tailslap          |    13 |     4 ||    17
       Punch             |     1 |       ||     1
Armor: Leather armour    |    49 |    12 ||    61
Dodge: Dodged            |    49 |    11 ||    60

Table legend: (Time is in decaauts)
 A = Elapsed time spent in this place.
 B = Non-inter-level travel time spent in this place.
 C = Inter-level travel time spent in this place.
 D = Time resting spent in this place.
 E = Time spent auto-exploring this place.
 F = Levels seen in this place.
 G = Mean time per level.
                   A        B        C        D        E       F      G
               +--------+--------+--------+--------+--------+-----+--------+
         Total |   1616 |   1610 |      6 |    141 |   1142 |   2 |  808.0 |
       Dungeon |   1616 |   1610 |      6 |    141 |   1142 |   2 |  808.0 |
               +--------+--------+--------+--------+--------+-----+--------+

Top non-repeatable levels by time:
     D:1: 1046 daAuts
     D:2: 570 daAuts
